 Dungeon Crawl Stone Soup version 0.26-a0-661-g406de6ba63 (console) character file.

Game seed: 12399793490239761187

13650 om the Cleaver (level 11, 0/90 HPs)
             Began as a Deep Dwarf Fighter on Oct 8, 2020.
             Was a Priest of Makhleb.
             Slain by a boulder beetle (16 damage)
             ... on level 12 of the Dungeon.
             The game lasted 00:16:46 (9759 turns).

om the Cleaver (Deep Dwarf Fighter)                 Turns: 9759, Time: 00:16:47

Health: 0/90       AC: 16    Str: 21    XL:     11   Next: 78%
Magic:  17/17 (8)  EV: 10    Int: 10    God:    Makhleb [***...]
Gold:   733        SH: 19    Dex: 13    Spells: 10/10 levels left

rFire    + + +     SeeInvis .   d - +0 broad axe (flame)
rCold    + + +     Faith    .   A - +2 shield of Resistance {rF++ rC++ MR++}
rNeg     . . .     Spirit   .   l - +0 plate armour
rPois    .         Reflect  +   n - +1 helmet
rElec    .         Harm     .   N - scarf {repulsion}
rCorr    .         Rampage  .   (no gloves)
MR       +++..                  (no boots)
Stlth    ..........             x - amulet of reflection
HPRegen  0.00/turn              M - ring of Fatigue {rF+ rC++ MP+9}
MPRegen  0.15/turn              m - ring of protection from cold

@: non-regenerating, repel missiles
A: damage resistance, heal wounds, sense surroundings 2, no regeneration
a: Heal Wounds, Minor Destruction, Lesser Servant of Makhleb, Renounce Religion


You were on level 12 of the Dungeon.
You worshipped Makhleb.
Makhleb was most pleased with you.
You visited 2 branches of the dungeon, and saw 13 of its levels.

You collected 733 gold pieces.

Inventory:

Hand Weapons
 a - a +0 war axe
 d - a +0 broad axe of flaming (weapon)
 w - a +6 war axe
 z - a +2 hand axe of flaming
 D - a +0 hand axe of freezing
Armour
 c - a +0 kite shield
 h - a +0 cloak
 l - a +0 plate armour (worn)
 n - a +1 helmet (worn)
 s - +0 ice dragon scales
 A - the +2 shield of Resistance (worn) {rF++ rC++ MR++}
   (You found it on level 9 of the Dungeon)

   It greatly protects you from fire.
   It greatly protects you from cold.
   It affects your resistance to hostile enchantments.
 N - a scarf of repulsion (worn)
Jewellery
 j - an uncursed ring of protection from magic
 m - a ring of protection from cold (right hand)
 v - a +4 ring of protection
 x - an amulet of reflection (around neck)
 L - an uncursed ring of wizardry
 M - the ring of Fatigue (left hand) {rF+ rC++ MP+9}
   (You found it on level 10 of the Dungeon)

   [ring of magical power]

   It protects you from fire.
   It greatly protects you from cold.
   It affects your magic capacity (+9).
Wands
 p - a wand of paralysis (10)
 C - a wand of enslavement (7)
 H - a wand of acid (21)
 I - a wand of polymorph (12)
Scrolls
 e - 3 scrolls of enchant weapon
 g - a scroll of fog
 i - 5 scrolls of remove curse
 k - 2 scrolls of enchant armour
 q - 6 scrolls of teleportation
 t - 3 scrolls of immolation
 y - 3 scrolls of amnesia
 B - 2 scrolls of blinking {unknown}
 E - a scroll of random uselessness {unknown}
 K - a scroll of vulnerability {unknown}
 Q - a scroll of holy word {unknown}
Potions
 b - 3 potions of brilliance
 f - 5 potions of curing
 o - 4 potions of lignification
 r - 3 potions of stabbing
 u - 2 potions of cancellation
 F - a potion of flight {unknown}
 G - 2 potions of berserk rage {unknown}
 J - a potion of magic {unknown}
 O - a potion of mutation {unknown}
 P - 2 potions of haste {unknown}


   Skills:
 - Level 3.0 Fighting
 * Level 12.9 Axes
 + Level 9.6 Armour
 - Level 10.0 Dodging
 + Level 9.9 Shields


You had 10 spell levels left.
You didn't know any spells.
Your spell library contained the following spells:

 Spells                   Type           Power        Failure   Level
 Freeze                   Ice            #...         100%        1
 Sandblast                Erth           #.....       100%        1
 Passwall                 Tmut/Erth      #.......     100%        2
 Frozen Ramparts          Ice            #.....       100%        3
 Ozocubu's Armour         Ice            #.......     100%        3
 Stone Arrow              Conj/Erth      #.....       100%        3
 Hailstorm                Conj/Ice       #.......     100%        4
 Petrify                  Tmut/Erth      #.......     100%        4
 Summon Ice Beast         Ice/Summ       #.......     100%        4
 Lee's Rapid Deconstruct  Erth           #.........   100%        5


Dungeon Overview and Level Annotations

Branches:
Dungeon (12/15)            Temple (1/1) D:7            Lair (0/6) D:11
    Orc (0/2) D:11

Altars:
Ashenzari
Cheibriados
Dithmenos
Elyvilon
Gozag
Hepliaklqana
Kikubaaqudgha
Makhleb
Okawaru
Qazlal
Ru
Sif Muna
Trog
Uskayaw
Vehumet
Wu Jian
Xom
Yredelemnul
Zin
The Shining One

Annotations:
D:9 1 runed translucent door


Innate Abilities, Weirdness & Mutations

You are resistant to damage.
You can heal yourself by infusing magical energy.
You passively map the area around you.
You do not regenerate.


Message History

The bolt of acid hits the boulder beetle!
The boulder beetle is splashed with acid.
The boulder beetle is moderately wounded.
You start waiting.
A boulder beetle is nearby!
You slash the boulder beetle! You burn the boulder beetle.
The boulder beetle is heavily wounded.
The boulder beetle barely misses you.
You hit the boulder beetle but do no damage.
The boulder beetle is heavily wounded.
The boulder beetle bites you!
You hit the boulder beetle but do no damage.
The boulder beetle is heavily wounded.
The boulder beetle bites you!!
* * * LOW HITPOINT WARNING * * *
You hit the boulder beetle but do no damage.
The boulder beetle is heavily wounded.
The boulder beetle is no longer covered in acid.
The boulder beetle bites you!
You die...

, , , , ,,, , * , ,, , , **
, , ,,, , , * , , ,* #.# *
*, , * , * , #.#.###..., , *
,*#.. #.#... ...., ,
##..###.#..#.....* * ,,
,#.....#.#..#..... * * ,
#..........B..... *
#)....#.#..#....#
,#.....#@#.......# , , *
*,#......[B[.....#*,,
#.......#..#..##..
,#.......#..#..##.# *
,,#.......#..#..##.#** +*.
######...........# #. * * #
#.......#..##.# ... * * *
#.####.#..#.##..##.####... *
###.........................
, ,
............................
*
##....##.#..#.#.............


You could see a boulder beetle.

Vanquished Creatures
  A fire dragon (D:9)
  2 ice dragons (D:9)
  A hydra (D:11)
  A two-headed ogre (D:12)
  An ugly thing (D:11)
  A manticore (D:11)
  A centaur zombie (D:12)
  Maggie (D:8)
  A troll (D:11)
  A spriggan (D:12)
  8 yaks
  A steam dragon (D:10)
  2 wargs (D:11)
  A water moccasin (D:11)
  3 sky beasts
  8 orc warriors
  2 black bears
  A phantom (D:7)
  5 ogres
  6 centaurs
  5 big kobolds
  4 bullfrogs
  4 gnoll sergeants
  3 scorpions
  6 wights
  21 killer bees
  5 howler monkeys
  A bullfrog zombie (D:10)
  A quasit (D:8)
  3 hounds
  2 jellies
  9 orc wizards
  9 orc priests
  2 centaur skeletons (D:11)
  Jessica (D:3)
  An iguana (D:4)
  10 worker ants
  2 hound skeletons (D:8)
  2 worker ant zombies
  9 gnolls
  A howler monkey skeleton (D:10)
  14 adders
  4 white imps
  An ufetubus (D:8)
  An ooze (D:7)
  An adder zombie (D:9)
  A worm (D:5)
  5 dart slugs
  10 leopard geckos
  42 orcs
  A giant cockroach (D:1)
  7 hobgoblins
  9 jackals
  9 quokkas
  4 ball pythons
  8 bats
  6 frilled lizards
  9 goblins
  18 kobolds
  7 rats
306 creatures vanquished.

Vanquished Creatures (collateral kills)
  A fire dragon (D:9)
1 creature vanquished.

Vanquished Creatures (others)
  A plant (D:11)
1 creature vanquished.

Grand Total: 308 creatures vanquished

Notes
Turn   | Place    | Note
-------+----------+-------------------------------------------
     0 | D:1      | om the Deep Dwarf Fighter began the quest for the Orb.
     0 | D:1      | Reached XP level 1. HP: 20/20 MP: 1/1
    88 | D:1      | Reached XP level 2. HP: 27/27 MP: 2/2
   285 | D:1      | Reached skill level 3 in Axes
   304 | D:1      | Reached XP level 3. HP: 30/33 MP: 3/3
   749 | D:2      | Found a broken altar of Ashenzari.
   861 | D:2      | Reached XP level 4. HP: 25/42 MP: 4/4
  1223 | D:2      | Found a faded altar of an unknown god.
  1274 | D:2      | Found a shimmering blue altar of Sif Muna.
  1325 | D:2      | Reached skill level 4 in Axes
  1774 | D:3      | Reached XP level 5. HP: 39/49 MP: 5/5
  1778 | D:3      | Reached skill level 1 in Dodging
  1988 | D:3      | Found an iron altar of Okawaru.
  1992 | D:3      | Noticed Jessica
  2002 | D:3      | Killed Jessica
  2354 | D:3      | Reached XP level 6. HP: 39/56 MP: 6/6
  2584 | D:4      | Found an ancient bone altar of Kikubaaqudgha.
  2717 | D:4      | Found an opulent altar of Gozag.
  3223 | D:5      | Entered Level 5 of the Dungeon
  3306 | D:5      | Reached skill level 5 in Axes
  3574 | D:5      | You fall into a shaft and drop 1 floor!
  3614 | D:6      | Reached XP level 7. HP: 38/62 MP: 7/7
  3660 | D:5      | Reached skill level 5 in Armour
  3776 | D:5      | Reached skill level 5 in Shields
  3883 | D:5      | Reached skill level 6 in Axes
  4230 | D:6      | Reached skill level 5 in Dodging
  4230 | D:6      | Reached XP level 8. HP: 50/69 MP: 8/8
  4631 | D:6      | Reached skill level 7 in Axes
  5032 | D:7      | Found a staircase to the Ecumenical Temple.
  5056 | Temple   | Entered the Ecumenical Temple
  5269 | Temple   | Became a worshipper of Makhleb the Destroyer
  5558 | D:8      | Noticed Maggie
  5568 | D:8      | Killed Maggie
  5678 | D:8      | Reached skill level 8 in Axes
  5715 | D:8      | Gained mutation: You passively map the area around you.
                  | [Deep Dwarf growth]
  5715 | D:8      | Reached XP level 9. HP: 51/75 MP: 8/8
  6267 | D:9      | Noticed a fire dragon
  6283 | D:9      | Reached * piety under Makhleb
  6314 | D:9      | Noticed an ice dragon
  6316 | D:9      | Noticed an ice dragon
  6318 | D:9      | Noticed a fire dragon
  6323 | D:9      | Found a runed translucent door.
  6323 | D:9      | Found a runed translucent door.
  6325 | D:9      | Found the +2 shield of Resistance {rF++ rC++ MR++}
  6628 | D:9      | Reached skill level 9 in Axes
  6813 | D:10     | Entered Level 10 of the Dungeon
  6813 | D:10     | Found a shimmering altar of Xom.
  6813 | D:10     | Found a shimmering altar of Xom.
  6980 | D:10     | Reached XP level 10. HP: 72/84 MP: 8/8
  6981 | D:10     | Reached ** piety under Makhleb
  7176 | D:10     | Reached skill level 10 in Axes
  7361 | D:10     | Got a scorched bone ring
  7542 | D:10     | Noticed a queen ant
  7701 | D:10     | Noticed a great orb of eyes
  7704 | D:10     | Noticed a water nymph
  7777 | D:11     | Found a staircase to the Lair.
  7949 | D:11     | Noticed a green ugly thing
  7970 | D:11     | Killed a green ugly thing
  8022 | D:11     | Reached *** piety under Makhleb
  8110 | D:11     | Reached skill level 10 in Dodging
  8323 | D:11     | Found a staircase to the Orcish Mines.
  8376 | D:11     | Reached skill level 11 in Axes
  8727 | D:11     | Noticed a manticore
  8740 | D:11     | Killed a manticore
  8740 | D:11     | Reached XP level 11. HP: 90/90 MP: 9/9
  8819 | D:12     | Noticed a seven-headed hydra
  8832 | D:11     | Killed a one-headed hydra
  8945 | D:12     | Identified the ring of Fatigue {rF+ rC++ MP+9} (You found
                  | it on level 10 of the Dungeon)
  9067 | D:12     | Reached skill level 12 in Axes
  9207 | D:9      | Killed an ice dragon
  9214 | D:9      | Killed a fire dragon
  9217 | D:9      | Killed an ice dragon
  9242 | D:9      | Killed a fire dragon
  9427 | D:12     | Noticed a two-headed ogre
  9436 | D:12     | Killed a two-headed ogre
  9477 | D:12     | Noticed a boulder beetle
  9478 | D:12     | Noticed a boulder beetle
  9759 | D:12     | Slain by a boulder beetle

Illustrated notes

Levels and vault maps discovered:
D:1:      scummos_arrival_forest, layout_loops_ring
D:2:      layout_loops_corners, nicolae_ashenzari_panopticon,
          chequers_ecumenical_altar_island, led_sif_pool
D:3:      layout_loops_cross, okawaru_metal_pillars_3, uniq_jessica
D:4:      layout_basic, nicolae_gozag_seed_capital, kennysheep_mini
D:5:      layout_loops_ring
D:6:      layout_basic, st_stairs_6, abandoned_shop
D:7:      layout_basic, temple_statues
D:8:      layout_loops_cross, skrybe_limestone_x, uniq_maggie
D:9:      layout_long_grid, minmay_guarded_unrand_resistance
D:10:     layout_loops_corners, xom_shifter_show
D:11:     layout_irregular_city, erik_lair_orcish_takeover,
          kennysheep_orc_monster_closet_entryway
D:12:     layout_basic, the_bakery
Temple:   dpeg_five_rooms_temple

Skill      XL: |  1  2  3  4  5  6  7  8  9 10 11 |
---------------+----------------------------------+-----
Axes           | 3 4 5 6 8 9 11 12 | 12.9
Fighting       | 3 |  3.0
Armour         | 4 5 6 8 9 |  9.6
Shields        | 4 5 6 7 8 9 |  9.9
Dodging        | 2 3 5 6 8 10 | 10.0

Action                   |  1- 3 |  4- 6 |  7- 9 | 10-12 || total
-------------------------+-------+-------+-------+-------++-------
Melee: War axe           |   108 |   250 |   350 |   267 ||   975
       Broad axe         |       |       |       |   163 ||   163
Invok: Lesser Servant of |       |       |       |     2 ||     2
 Abil: Heal Wounds       |       |     2 |     4 |     4 ||    10
Evoke: Wand              |       |       |       |     2 ||     2
  Use: Scroll            |       |    10 |     4 |     3 ||    17
       Potion            |       |       |     5 |     4 ||     9
 Stab: Invisible         |       |       |       |     9 ||     9
Armor: Scale mail        |    60 |    46 |       |       ||   106
       Plate armour      |       |    80 |   163 |   175 ||   418
Dodge: Dodged            |    29 |    55 |    70 |   167 ||   321
       Repelled          |       |       |       |     3 ||     3
Block: Kite shield       |    56 |   136 |   277 |   471 ||   940
       Reflection        |       |       |    16 |    10 ||    26

Table legend: (Time is in decaauts)
 A = Elapsed time spent in this place.
 B = Non-inter-level travel time spent in this place.
 C = Inter-level travel time spent in this place.
 D = Time resting spent in this place.
 E = Time spent auto-exploring this place.
 F = Levels seen in this place.
 G = Mean time per level.
                   A        B        C        D        E       F      G
               +--------+--------+--------+--------+--------+-----+--------+
         Total |   9969 |   9284 |    685 |    951 |   5977 |  13 |  766.8 |
       Dungeon |   9720 |   9121 |    599 |    951 |   5827 |  12 |  810.0 |
        Temple |    249 |    163 |     86 |      0 |    150 |   1 |  249.0 |
               +--------+--------+--------+--------+--------+-----+--------+

Top non-repeatable levels by time:
     D:2: 1249 daAuts
    D:11: 1120 daAuts
     D:9: 986 daAuts
    D:10: 972 daAuts
     D:5: 854 daAuts
     D:4: 823 daAuts
     D:3: 717 daAuts
     D:1: 653 daAuts
    D:12: 615 daAuts
     D:6: 604 daAuts
     D:8: 563 daAuts
     D:7: 558 daAuts
  Temple: 249 daAuts
